 Dungeon Crawl Stone Soup version 0.31-a0-23-gcbde74481b (webtiles) character file.

Game seed: 17512218221195260231

216644 Pooter the Executioner (level 18, 0/172 HPs)
             Began as a Minotaur Berserker on May 11, 2023.
             Was a High Priest of Trog.
             Drowned by a water nymph (13 damage)
             ... on level 4 of the Shoals on May 13, 2023.
             The game lasted 03:50:01 (51598 turns).

Pooter the Executioner (Minotaur Berserker)        Turns: 51598, Time: 03:50:02

Health: 0/172      AC: 27    Str: 27    XL:     18   Next: 36%
Magic:  17/17      EV: 11    Int:  6    God:    Trog [*****.]
Gold:   4270       SH:  5    Dex: 11    Spells: 17/17 levels left

rFire   + + .        a - +5 battleaxe (heavy)
rCold   + + +        (shield currently unavailable)
rNeg    . . .        R - +1 plate armour of Valour {rF+ Str+2}
rPois   .            (helmet restricted)
rElec   .            O - scarf {rC+ rF+}
rCorr   .            Y - +2 pair of gloves
SInv    .            U - +2 pair of boots {Fly}
Will    +....        z - amulet of reflection Stlth
                     X - +4 ring of protection
HPRegen 0.48/turn    I - ring of protection from cold
MPRegen 0.15/turn

%: reflection
@: about to teleport, flying, invisible
A: horns 2, retaliatory headbutt, clumsy 1, cold resistance 1, noise suppression
}: 1/15 runes: gossamer
a: Renounce Religion, Berserk, Trog's Hand, Brothers in Arms


You were on level 4 of the Shoals.
You worshipped Trog.
Trog was extremely pleased with you.
You visited 6 branches of the dungeon, and saw 32 of its levels.
You also visited: Bailey and Ice Cave.

You collected 6077 gold pieces.
You spent 1807 gold pieces at shops.

Inventory:

Hand Weapons
 a - a +5 heavy battleaxe (weapon)
   (You bought it in a shop on level 2 of the Dungeon)
 b - the +3 arbalest of the Throat {penet, Int-4 SInv Stlth+}
   (You found it on level 15 of the Dungeon)

   Int:       It affects your intelligence (-4).
   SInv:      It lets you see invisible.
   Stlth:     It makes you more stealthy.
 v - the +10 dark maul {heavy}
   (You found it on level 3 of the Shoals)
 M - a +2 antimagic executioner's axe
   (Trog gifted it to you on level 12 of the Dungeon)
Missiles
 j - 17 javelins
 k - 14 boomerangs (quivered)
 p - 5 silver javelins
 w - 4 datura-tipped darts
 S - 2 curare-tipped darts
 Z - 3 silver boomerangs
Armour
 O - a scarf of resistance (worn)
   (You found it on level 4 of the Spider Nest)
 R - the +1 plate armour of Valour (worn) {rF+ Str+2}
   (You bought it in a shop on level 9 of the Dungeon)

   Str:       It affects your strength (+2).
   rF:        It protects you from fire.
 U - a +2 pair of boots of flying (worn)
   (You bought it in a shop on level 9 of the Dungeon)
 Y - a +2 pair of gloves (worn)
   (You found it on level 4 of the Lair of Beasts)
Jewellery
 e - the ring of Giuneah {*Slow rElec rF- rN+++ AC+4}
   (You found it on level 6 of the Dungeon)

   [ring of protection]

   AC:        It affects your AC (+4).
   rF:        It makes you vulnerable to fire.
   rElec:     It insulates you from electricity.
   rN:        It renders you almost immune to negative energy.
   *Slow:     It may slow you when you take damage.
 g - the amulet of Paranoia {rElec Regen+ Int+3 Dex-3}
   (You bought it in a shop on level 2 of the Orcish Mines)

   [amulet of regeneration]

   Int:       It affects your intelligence (+3).
   Dex:       It affects your dexterity (-3).
   rElec:     It insulates you from electricity.
   Regen:     It increases your rate of health regeneration.
 y - the amulet of Ydaral {Acrobat Will++}
   (You found it on level 12 of the Dungeon)

   [amulet of the acrobat]

   It increases your evasion while moving and waiting.
   Will:      It greatly increases your willpower.
 z - an amulet of reflection (around neck)
   (You found it in an ice cave)
 F - the ring "Uhuowago" {rF+ Int+6}
   (You took it off a white draconian in an ice cave)

   [ring of intelligence]

   Int:       It affects your intelligence (+6).
   rF:        It protects you from fire.
 I - a ring of protection from cold (right hand)
   (You took it off a white draconian in an ice cave)
 K - a +6 ring of dexterity
   (You found it in an ice cave)
 P - a ring of poison resistance
   (You found it on level 5 of the Dungeon)
 X - a +4 ring of protection (left hand)
   (You found it on level 2 of the Lair of Beasts)
Wands
 f - a wand of flame (19)
   (You found it on level 3 of the Spider Nest)
 s - a wand of charming (15)
   (You took it off Ijyb on level 4 of the Dungeon)
 D - a wand of digging (12)
   (You found it on level 10 of the Dungeon)
 E - a wand of quicksilver (8)
   (You found it on level 4 of the Spider Nest)
 H - a wand of roots (37)
   (You found it on level 7 of the Dungeon)
 J - a wand of mindburst (5)
   (You found it on level 1 of the Elven Halls)
Scrolls
 h - 7 scrolls of fog
 i - 12 scrolls of identify {@r1}
 l - 4 scrolls of poison {!r}
 n - a scroll of magic mapping
 o - a scroll of brand weapon
 t - 8 scrolls of teleportation {@r4}
 x - 14 scrolls of blinking
 A - 2 scrolls of immolation {!r}
 G - 5 scrolls of enchant armour
 N - a scroll of butterflies
 W - a scroll of fear
Potions
 c - 9 potions of curing {@q1}
 d - 10 potions of heal wounds {@q2}
 m - 6 potions of flight
 q - 3 potions of might
 r - 2 potions of resistance
 u - 4 potions of invisibility
 B - a potion of mutation {!q}
 C - 3 potions of cancellation
 L - 3 potions of haste {@q3}
 T - 5 potions of lignification {!q}
Miscellaneous
 Q - a tin of tremorstones (2/2)
   (You found it on level 15 of the Dungeon)
 V - a phantom mirror
   (You found it on level 3 of the Lair of Beasts)


   Skills:
 + Level 18.2 Fighting
 + Level 21.3 Axes
 - Level 18.0 Ranged Weapons
 + Level 4.9 Throwing
 + Level 12.0 Armour
 - Level 9.4 Dodging
 + Level 9.1 Stealth
 + Level 8.4 Evocations


You had 17 spell levels left.
You didn't know any spells.
Your spell library was empty.

Dungeon Overview and Level Annotations

Branches:
Dungeon (15/15)            Temple (0/1) D:5            Lair (5/5) D:10
 Shoals (4/4) Lair:3       Spider (4/4) Lair:3        Slime (0/5) Lair:4
    Orc (2/2) D:9             Elf (2/3) Orc:2        Vaults (0/5) D:13
 Depths (0/4) D:15         Bailey (visited)           IceCv (visited)

Altars:
Dithmenos
Elyvilon
Fedhas
Gozag
Hepliaklqana
Makhleb
Nemelex Xobeh
Qazlal
Ru
Sif Muna
Vehumet
Yredelemnul
Zin
The Shining One
Jiyva

Shops:
D:1 :   D:2 (   D:6 *   D:9 (*[[[   D:12 [   Orc:2 [=[:


Innate Abilities, Weirdness & Mutations

You have a pair of horns on your head.
You reflexively headbutt those who attack you in melee.
You are clumsy. (Dex -2)
Your flesh is cold resistant. (rC+)
You passively dampen the noise of your surroundings.


Message History

The merfolk aquamancer is wielding a +0 rapier of electrocution.
The water engulfing you falls away.
You gasp with relief as air once again reaches your lungs.
The water elemental is knocked back by the gust of wind.
The wind drake flaps its wings at you. The air twists around and strikes you!
* * * LOW HITPOINT WARNING * * *
Unknown command.
You fade into invisibility!
The water nymph shouts!
The merfolk aquamancer shouts!
The water elemental hits you.
a - a +5 heavy battleaxe (weapon)
The water nymph shouts! x2
You feel stupid.
Your hands briefly pass through it before you manage to get a firm grip on it.
b - the +3 arbalest of the Throat (weapon)
{penet, Int-4 SInv Stlth+} The water nymph shouts! x3
The water elemental hits you.
A merfolk comes into view. It is wielding a +0 trident.
The water nymph shouts! x3; The merfolk shouts!
The water nymph shouts!
A sea snake comes into view.
The water elemental hits you.
The water nymph shouts!
The merfolk shouts!
The sea snake hisses angrily.
As you read the scroll of teleportation {@r4}, it crumbles to dust.
You feel strangely unstable.
The merfolk shouts!
You hear an angry hiss.
The merfolk aquamancer hits you but does no damage.
You shoot a bolt.
The bolt barely misses the merfolk aquamancer.
The bolt pierces through the water nymph!!
The sea snake hisses angrily.
The merfolk aquamancer hits you with a +0 rapier of electrocution.
* * * LOW HITPOINT WARNING * * *
The merfolk barely misses you.
You shoot a bolt.
The bolt pierces through the merfolk aquamancer but does no damage.
The bolt pierces through the water elemental but does no damage.
The sea snake hisses angrily.
The water nymph gestures at you while chanting.
The water rises up and strikes you!!
* * * LOW HITPOINT WARNING * * *
The merfolk aquamancer hits you but does no damage.
The merfolk hits you from afar with a +0 trident!
* * * LOW HITPOINT WARNING * * *
a - a +5 heavy battleaxe (weapon)
The sea snake hisses angrily.
The water nymph touches you. The water nymph drowns you!
* * * LOW HITPOINT WARNING * * *
The water nymph touches you. The water nymph drowns you!
You die...

..~..#..~~≈≈≈....
........~~≈≈≈~...
....~#~.~~≈≈≈~~~~
....~~~..~~~~~~~~
......#~~~~~~~~~#~~...
........E~m~~~~~~~...
#..S..~m#~k~~~#~~...S
.....m~@mE#~#.......
.......~m~~~~~....# ###
..~....~~~~~~....# ...##
~~~~~~~~~~~~~....#.....#
~~~~~~~~~~~~~....†.."..#
≈~~~~~~..~~~~~...#.....#
~~..........~~...##...##
~...........~~....# ###
#####................


You could see a sea snake (wandering, unable to see you), a merfolk aquamancer,
a wind drake (repels missiles, unable to see you), a merfolk (unable to see
you), 2 water elementals and 3 water nymphs.

Vanquished Creatures
  Mara (Spider:3)
  Jorgrun (D:14)
  A titan (Shoals:3)
  Frances (Spider:1)
  2 acid blobs (Lair:4)
  Kirke (D:13)
  A shadow dragon (Elf:1)
  2 frost giants (Shoals:3)
  An iron dragon (Elf:1)
  4 emperor scorpions
  A draconian knight (IceCv)
  Aizul (Elf:1)
  A deep elf elementalist (Elf:1)
  2 ghost moths (Spider:4)
  2 broodmothers (Spider:3)
  3 deep elf demonologists (Elf:1)
  5 white draconians (IceCv)
  6 spark wasps
  A merfolk javelineer (Shoals:3)
  Snorg (D:13)
  2 fire dragons
  A deep elf high priest (Elf:1)
  Fannar (D:11)
  4 entropy weavers
  7 hydras
  The ghost of patfeehan111222 the Cleaver, a journeyman DsBe of Trog (D:10)
  An ice dragon (Elf:1)
  An ogre mage (D:13)
  5 jorogumos (Spider:2)
  5 radroaches
  6 centaur warriors
  3 boulder beetles
  A catoblepas (Lair:2)
  4 merfolk avatars
  A satyr (Shoals:3)
  6 two-headed ogres
  A death knight (D:15)
  7 death scarabs (Spider:4)
  2 tengu warriors (D:13)
  5 dancing weapons (Elf:1)
  2 orc high priests (Bailey)
  A vampire mage (D:12)
  Nergalle (D:12)
  A deep elf knight (Elf:1)
  2 skysharks
  13 pharaoh ants
  A sun moth (Spider:4)
  6 sea snakes
  A deep troll (shapeshifter) (Elf:1)
  An orange crystal statue (IceCv)
  A wizard (D:9)
  7 orb spiders
  4 deep elf archers (Elf:1)
  3 spectral wolf spiders (Spider:4)
  A lindwurm (Lair:5)
  6 harpies
  A necromancer (D:15)
  9 deep elf zephyrmancers
  An ugly thing (D:9)
  A harpy (shapeshifter) (Elf:1)
  9 orc knights
  13 deep elf pyromancers
  2 orc sorcerers
  16 steelbarb worms
  15 wolf spiders
  8 fauns
  5 cyclopes
  9 manticores
  An oklob plant (Lair:3)
  3 moths of wrath
  4 water nymphs
  A centaur zombie (D:15)
  5 merfolk sirens
  12 elephants
  2 naga magi (D:15)
  A gargoyle (D:12)
  8 storm dragon simulacra (IceCv)
  9 torpor snails
  A centaur skeleton (D:15)
  3 molten gargoyles (Lair:5)
  14 demonic crawlers
  6 black mambas
  6 cane toads
  3 unseen horrors
  2 rime drakes
  An unseen horror (shapeshifter) (Elf:1)
  Psyche (D:8)
  4 yaktaurs (D:13)
  3 kobold demonologists
  4 golden dragon simulacra (IceCv)
  A tengu conjurer (D:14)
  An efreet (D:9)
  4 komodo dragons
  9 merfolk
  5 trolls
  A meliai (D:11)
  23 blink frogs
  4 spectral tarantellas (Spider:4)
  2 spectral jumping spiders (Spider:4)
  A wind drake (Shoals:3)
  28 tarantellas
  2 jumping spider zombies (Spider:4)
  Grinder (D:4)
  8 slime creatures
  2 tarantella zombies (Spider:4)
  36 jumping spiders
  7 snapping turtles
  4 dream sheep
  21 culicivoras
  An air elemental (Elf:2)
  Eustachio (D:5)
  2 wraiths
  10 wyverns
  7 vampires (D:12)
  A fire elemental (Elf:1)
  3 hogs
  A water elemental (Shoals:4)
  2 shadows
  22 yaks
  A hog (shapeshifter) (D:14)
  57 redbacks
  7 basilisks
  3 steam dragons
  10 vampire mosquitoes
  5 wargs (Orc:2)
  Menkaure (D:5)
  5 hell hounds (Lair:5)
  2 acid dragons
  13 water moccasins
  7 ice beasts
  53 orc warriors
  6 ogres
  2 black bears
  A sky beast (D:7)
  4 ice dragon simulacra (IceCv)
  8 wolves
  7 centaurs
  2 phantoms (D:5)
  12 bullfrogs
  7 kobold brigands
  6 scorpions
  10 wights
  5 lindwurm simulacra (IceCv)
  12 electric eels
  7 howler monkeys
  5 lava snakes (Lair:5)
  3 jellies (D:5)
  6 hounds
  12 orc priests
  2 gnoll boudas
  Ijyb (D:4)
  Jessica (D:3)
  4 iguanas
  Terence (D:3)
  A boggart zombie (D:15)
  22 orc wizards
  12 gnolls
  7 adders
  A shadow imp (D:6)
  A white imp (D:5)
  2 ufetubi (D:5)
  3 worms
  3 dart slugs
  103 orcs
  A bat (D:1)
  7 endoplasms
  2 giant cockroaches
  10 goblins
  13 hobgoblins
  4 quokkas
  9 ball pythons
  6 frilled lizards
  5 kobolds
  6 rats
1052 creatures vanquished.

Vanquished Creatures (collateral kills)
  Agnes (Elf:1)
  A redback (Spider:3)
  An orc priest (D:8)
  A gnoll bouda (D:9)
  6 gnolls
  A kobold (D:10)
11 creatures vanquished.

Vanquished Creatures (others)
  A deep elf knight (Elf:1)
  A deep elf archer (Elf:1)
  2 deep elf zephyrmancers (Elf:1)
  A moth of wrath (Spider:3)
  An unseen horror (D:12)
  A jumping spider (Spider:1)
  2 humans (D:13)
  An orc warrior (Orc:2)
  An orc wizard (D:8)
  An orc (Elf:1)
  A kobold (D:10)
  A spectral weapon (D:13)
14 creatures vanquished.

Grand Total: 1077 creatures vanquished

Notes
Turn   | Place    | Note
-------+----------+-------------------------------------------
     0 | D:1      | Pooter the Minotaur Berserker began the quest for the Orb.
     0 | D:1      | Reached XP level 1. HP: 19/19 MP: 0/0
    58 | D:1      | Reached skill level 4 in Axes
    58 | D:1      | Reached XP level 2. HP: 24/27 MP: 1/1
   128 | D:1      | Reached skill level 1 in Stealth
   217 | D:1      | Found Odikacarch's Book Shop.
   326 | D:1      | Found a faded altar of an unknown god.
   487 | D:1      | Reached XP level 3. HP: 27/33 MP: 2/2
   700 | D:2      | Found Joeqits's Weapon Shop.
   731 | D:2      | Bought 2 atropa-tipped darts for 25 gold pieces
  1287 | D:2      | Reached ** piety under Trog
  1942 | D:3      | Noticed Terence
  1953 | D:3      | Killed Terence
  1954 | D:3      | Reached XP level 4. HP: 31/40 MP: 3/3
  2289 | D:3      | Noticed Jessica
  2290 | D:3      | Killed Jessica
  2291 | D:3      | Reached skill level 5 in Axes
  2385 | D:3      | Found a radiant altar of Vehumet.
  2450 | D:3      | Reached XP level 5. HP: 44/47 MP: 4/4
  2512 | D:3      | Identified the +4 kite shield of the Charred God {Int+4}
  2930 | D:4      | Reached XP level 6. HP: 53/53 MP: 5/5
  3021 | D:4      | Noticed Grinder
  3021 | D:4      | Paralysed by Grinder for 2 turns
  3028 | D:4      | Paralysed by Grinder for 4 turns
  3040 | D:4      | Killed Grinder
  3041 | D:4      | Reached skill level 5 in Fighting
  3041 | D:4      | Reached skill level 6 in Axes
  3177 | D:4      | Noticed Ijyb
  3192 | D:4      | Killed Ijyb
  3198 | D:4      | Reached XP level 7. HP: 61/61 MP: 6/6
  3610 | D:5      | Entered Level 5 of the Dungeon
  3613 | D:5      | Noticed Menkaure
  3617 | D:5      | Killed Menkaure
  3663 | D:5      | Found an opulent altar of Gozag.
  3700 | D:5      | Reached skill level 7 in Axes
  3747 | D:5      | Found a shadowy altar of Dithmenos.
  4049 | D:2      | Bought a +2 heavy battleaxe for 331 gold pieces
  4294 | D:5      | Found a sacrificial altar of Ru.
  4294 | D:5      | Found a stormy altar of Qazlal.
  4319 | D:5      | Found a staircase to the Ecumenical Temple.
  4329 | D:5      | Noticed Eustachio
  4346 | D:6      | Reached skill level 8 in Axes
  4346 | D:6      | Reached XP level 8. HP: 49/70 MP: 7/7
  4450 | D:6      | Identified the ring of Giuneah {*Slow rElec rF- rN+++ AC+4}
  4515 | D:5      | Killed Eustachio
  4528 | D:5      | Reached skill level 9 in Axes
  5112 | D:6      | Found a sparkling altar of Nemelex Xobeh.
  5146 | D:6      | Reached skill level 1 in Ranged Weapons
  5166 | D:6      | Found a blossoming altar of Fedhas.
  5167 | D:6      | Found a glowing golden altar of the Shining One.
  5253 | D:6      | Found a shimmering blue altar of Sif Muna.
  5305 | D:6      | Reached skill level 10 in Axes
  5443 | D:6      | Reached XP level 9. HP: 74/80 MP: 8/8
  5786 | D:6      | Reached *** piety under Trog
  5913 | D:6      | Found Zin's Purification Station.
  5937 | D:6      | Found a glowing silver altar of Zin.
  6053 | D:6      | Reached skill level 11 in Axes
  7082 | D:7      | Found a burning altar of Makhleb.
  7316 | D:8      | Noticed Psyche
  7324 | D:8      | Reached skill level 12 in Axes
  7330 | D:8      | Killed Psyche
  7538 | D:8      | Reached skill level 5 in Ranged Weapons
  7706 | D:8      | Found a hazy altar of Hepliaklqana.
  7711 | D:8      | Reached XP level 10. HP: 89/91 MP: 9/9
  7873 | D:8      | Identified the +5 whip "Bial" {spect, rElec rF- Str+4}
  8090 | D:9      | Found Acoungu's Armour Boutique.
  8091 | D:9      | Found Ygaa's General Store.
  8093 | D:9      | Found Buxkaun's Antique Armour Boutique.
  8094 | D:9      | Found Erosmara's Antique Armour Boutique.
  8097 | D:9      | Noticed a cyclops
  8211 | D:9      | Killed a cyclops
  8341 | D:9      | Noticed a boulder beetle
  8347 | D:9      | Reached skill level 13 in Axes
  8351 | D:9      | Killed a boulder beetle
  8351 | D:9      | Noticed a green ugly thing
  8406 | D:9      | Killed a green ugly thing
  8407 | D:9      | Reached skill level 10 in Fighting
  8464 | D:9      | Noticed a wizard
  8468 | D:9      | Killed a wizard
  8492 | D:9      | Identified the +8 chain mail "Ifeoroh" {Int+4 Dex-3}
  8501 | D:9      | Reached skill level 14 in Axes
  8620 | D:9      | Found Quecey's Antique Weapon Boutique.
  8642 | D:9      | Noticed a two-headed ogre
  8648 | D:9      | Killed a two-headed ogre
  8710 | D:9      | Found a basalt altar of Yredelemnul.
  8718 | D:9      | Noticed a two-headed ogre
  8722 | D:9      | Killed a two-headed ogre
  8723 | D:9      | Reached XP level 11. HP: 101/101 MP: 10/10
  8938 | D:9      | Found a white marble altar of Elyvilon.
  9154 | D:9      | Found a staircase to the Orcish Mines.
  9614 | D:10     | Entered Level 10 of the Dungeon
  9620 | D:10     | Found a runed translucent door.
  9621 | D:10     | Noticed patfeehan111222's ghost (journeyman DsBe)
  9661 | D:10     | Found a flagged portal.
  9670 | Bailey   | Entered a bailey
  9989 | Bailey   | Reached skill level 15 in Axes
 10102 | Bailey   | Noticed an orc high priest
 10108 | Bailey   | Killed an orc high priest
 10116 | Bailey   | Noticed an orc high priest
 10125 | Bailey   | Noticed a soul eater
 10127 | Bailey   | Killed an orc high priest
 10154 | Bailey   | Acquired the +1 cloak "Xafeon" {Regen+ rCorr}
 10267 | Bailey   | Found an iron altar of Okawaru.
 10519 | D:10     | Found a staircase to the Lair.
 10527 | D:10     | Reached **** piety under Trog
 10656 | D:10     | Reached skill level 16 in Axes
 10894 | D:9      | Bought a pair of glowing boots for 195 gold pieces
 11237 | D:10     | Killed patfeehan111222's ghost
 11316 | Lair:1   | Entered Level 1 of the Lair of Beasts
 11361 | Lair:1   | Reached XP level 12. HP: 112/112 MP: 11/11
 12091 | Lair:2   | Reached skill level 17 in Axes
 12163 | Lair:2   | Noticed a catoblepas
 12171 | Lair:2   | Killed a catoblepas
 12266 | Lair:2   | Reached skill level 10 in Ranged Weapons
 12592 | Lair:2   | Reached skill level 18 in Axes
 12898 | Lair:3   | You are sucked into a shaft and drop 2 floors!
 12898 | Lair:5   | Entered Level 5 of the Lair of Beasts
 13021 | Lair:3   | Reached XP level 13. HP: 122/122 MP: 12/12
 13075 | Lair:3   | Reached skill level 5 in Armour
 13242 | Lair:3   | Found a hole to the Spider Nest.
 13609 | Lair:3   | Found a staircase to the Shoals.
 13954 | Lair:4   | Found a runed translucent door.
 13954 | Lair:4   | Found a viscous altar of Jiyva.
 13954 | Lair:4   | Noticed an acid blob
 13956 | Lair:4   | Noticed an acid blob
 13957 | Lair:4   | Found a staircase to the Slime Pits.
 14772 | Lair:5   | Reached skill level 19 in Axes
 14881 | Lair:5   | Found a large runed translucent door.
 14881 | Lair:5   | Found a large runed translucent door.
 14882 | Lair:5   | Noticed a fire dragon
 16316 | Lair:5   | Killed a fire dragon
 16530 | Orc:1    | Entered Level 1 of the Orcish Mines
 16899 | Orc:1    | Reached ***** piety under Trog
 17199 | Orc:2    | Entered Level 2 of the Orcish Mines
 17775 | Orc:2    | Found a staircase to the Elven Halls.
 17840 | Orc:1    | Reached XP level 14. HP: 61/133 MP: 13/13
 19776 | Orc:2    | Found Epawnut's Armour Shoppe.
 19776 | Orc:2    | Found Kelukl Owna's Book Boutique.
 20137 | Orc:2    | Found Limpefru's Antique Armour Shoppe.
 20137 | Orc:2    | Found Zarahah's Jewellery Boutique.
 20152 | Orc:2    | Bought the amulet of Paranoia {rElec Regen+ Int+3 Dex-3}
                  | for 528 gold pieces
 20437 | D:11     | Noticed Fannar
 20444 | D:11     | Killed Fannar
 20846 | D:9      | Bought a faintly glowing plate armour for 728 gold pieces
 20846 | D:9      | Identified the +1 plate armour of Valour {rF+ Str+2} (You
                  | bought it in a shop on level 9 of the Dungeon)
 20971 | D:11     | Noticed Maurice
 20976 | D:11     | Reached skill level 20 in Axes
 20976 | D:11     | Noticed Maurice
 20984 | D:11     | Killed Maurice the meliai
 21691 | D:12     | Found Seomafas's Armour Shoppe.
 22090 | D:12     | Noticed Nergalle
 22098 | D:12     | Killed Nergalle
 22099 | D:12     | Reached skill level 15 in Fighting
 22206 | D:12     | Received a gift from Trog
 22446 | D:12     | Found a basalt altar of Yredelemnul.
 22454 | D:12     | Identified the amulet of Ydaral {Acrobat Will++}
 22564 | D:12     | Reached skill level 1 in Evocations
 22961 | D:13     | Identified the +9 hand axe of Infinity {antimagic, rElec
                  | rF+ rCorr}
 22961 | D:13     | Noticed Kirke
 22987 | D:13     | Killed Kirke
 23285 | D:13     | Noticed Snorg
 23292 | D:13     | Killed Snorg
 24139 | D:13     | Found a gate to the Vaults.
 24428 | D:14     | Received a gift from Trog
 24497 | D:14     | Identified the +9 halberd "Kiwi" {protect, rC+ Str-2 Int+2
                  | Stlth+}
 24750 | D:14     | Found a shadowy altar of Dithmenos.
 24925 | D:14     | Noticed Jorgrun
 24942 | D:14     | Killed Jorgrun
 24943 | D:14     | Reached XP level 15. HP: 141/141 MP: 14/14
 25421 | D:15     | Entered Level 15 of the Dungeon
 25435 | D:15     | Identified the +3 arbalest of the Throat {penet, Int-4 SInv
                  | Stlth+}
 25945 | D:15     | Reached skill level 15 in Ranged Weapons
 25978 | D:15     | Found a staircase to the Depths.
 26244 | Lair:4   | Killed an acid blob
 26249 | Lair:4   | Killed an acid blob
 26453 | Elf:1    | Entered Level 1 of the Elven Halls
 26954 | Elf:1    | Noticed Aizul
 26966 | Elf:1    | Reached skill level 5 in Stealth
 26976 | Elf:1    | Killed Aizul
 27359 | Elf:1    | Noticed Agnes
 27364 | Elf:1    | Killed Agnes
 27717 | Elf:1    | Noticed an Ice Fiend
 28006 | Elf:1    | Noticed a Hell Sentinel
 28251 | Elf:1    | Found a runed translucent gate.
 28251 | Elf:1    | Found a runed translucent gate.
 28251 | Elf:1    | Found a runed translucent gate.
 28251 | Elf:1    | Found a runed translucent gate.
 28251 | Elf:1    | Found a runed translucent gate.
 28252 | Elf:1    | Found a runed translucent gate.
 28259 | Elf:1    | Noticed a shadow dragon
 28260 | Elf:1    | Noticed an iron dragon
 28266 | Elf:1    | Identified the +1 pair of gloves of the Nexus {Contam
                  | Will++}
 28286 | Elf:1    | Killed an iron dragon
 28343 | Elf:1    | Killed a shadow dragon
 28344 | Elf:1    | Reached skill level 10 in Armour
 28432 | Elf:2    | Paralysed by an air elemental for 1 turns
 28435 | Elf:2    | Paralysed by an air elemental for 1 turns
 28672 | Spider:1 | Entered Level 1 of the Spider Nest
 28679 | Lair:3   | Reached skill level 5 in Dodging
 28749 | Lair:3   | Reached XP level 16. HP: 93/145 MP: 15/15
 29491 | Spider:1 | Gained mutation: You passively dampen the noise of your
                  | surroundings. [potion of mutation]
 29491 | Spider:1 | Gained mutation: You are clumsy. (Dex -2) [potion of
                  | mutation]
 29491 | Spider:1 | Gained mutation: Your flesh is cold resistant. (rC+)
                  | [potion of mutation]
 29511 | Spider:1 | Reached skill level 5 in Evocations
 29747 | Spider:1 | Noticed Frances
 29757 | Spider:1 | Killed Frances
 29878 | Spider:1 | Identified the +6 sling of Reason {drain, rC+ rN+ Int-2
                  | Stlth+}
 31680 | Spider:2 | Received a gift from Trog
 33523 | Spider:2 | You are sucked into a shaft and drop 1 floor!
 34221 | Spider:2 | Paralysed by a jorogumo for 1 turns
 35081 | Spider:3 | Noticed Mara
 35102 | Spider:3 | Killed Mara
 35264 | Spider:3 | Reached XP level 17. HP: 140/161 MP: 16/16
 36392 | Spider:3 | Identified the staff of earth "Gunioff" {Fly rF- SInv}
 36850 | Spider:4 | Entered Level 4 of the Spider Nest
 38928 | Spider:4 | Reached skill level 1 in Throwing
 41974 | Spider:4 | Received a gift from Trog
 42088 | Spider:4 | Got a gossamer rune of Zot
 42568 | Spider:4 | Upgraded the game from 0.31-a0-18-gea43df2a32 to
                  | 0.31-a0-23-gcbde74481b
 42689 | Shoals:1 | Entered Level 1 of the Shoals
 42841 | Shoals:1 | Reached skill level 21 in Axes
 43186 | Shoals:1 | Found a frozen archway.
 43194 | Shoals:1 | Identified the +5 trident "Hifraeba" {pain, rPois Int+2}
 43204 | IceCv    | Entered an ice cave
 44334 | IceCv    | Reached XP level 18. HP: 161/171 MP: 17/17
 44514 | IceCv    | Identified the ring "Uhuowago" {rF+ Int+6}
 47543 | Shoals:2 | Identified the +6 long sword "Beetleslayer" {flame, rElec
                  | rN+ rCorr Stlth+}
 50159 | Shoals:3 | Received a gift from Trog
 50589 | Shoals:3 | Found the +10 dark maul {heavy}
 51356 | Shoals:4 | Entered Level 4 of the Shoals
 51564 | Shoals:4 | Identified the amulet "Viyqilil" {Faith rN+ Regen+ Int+3}
 51598 | Shoals:4 | Drowned by a water nymph

Illustrated notes

Levels and vault maps discovered:
D:1:      lemuel_arrival_rhombus, layout_basic, serial_forest,
          infiniplex_forest_clump_curved, infiniplex_forest_straight_1,
          infiniplex_forest_straight_4, infiniplex_forest_clump_small,
          serial_shops, nicolae_shop_just_a_little_nook,
          hellmonk_ecumenical_altar_leap_of_faith
D:2:      layout_basic, serial_shops, shop
D:3:      minmay_spotlight, layout_basic, amcnicky_altar_gilded, serial_forest,
          infiniplex_forest_lined_room_2, infiniplex_forest_straight_2,
          infiniplex_forest_clump_long, infiniplex_forest_lined_corner,
          infiniplex_forest_fountain, infiniplex_forest_lined_corner,
          infiniplex_forest_clump_curved, infiniplex_forest_clump_long,
          infiniplex_forest_straight_3, infiniplex_forest_clump_curved,
          uniq_terence, uniq_jessica
D:4:      layout_basic, cheibrodos_sewer_entry_bend, uniq_grinder, uniq_ijyb
D:5:      layout_basic, nicolae_overflow_hidden_temple,
          gammafunk_temple_overflow_pools, grunt_gozag_statues,
          minmay_temple_entry_drinking_statues, uniq_eustachio, uniq_menkaure
D:6:      wad_lake_hut, layout_rooms, nemelex_altar_shiori, zin_purify,
          kennysheep_mini, chequers_temple_overflow_statue_of_worship
D:7:      layout_basic, nicolae_overflow_crystal_walls, grunt_ministairs_12
D:8:      layout_cave_pools, mainiacjoe_overflow_alcove_2, uniq_psyche
D:9:      layout_basic, elyvilon_altar_3, mainiacjoe_overflow_cross_hatched,
          minmay_orc_entry_temple_small, serial_shops, shop,
          minmay_shop_grid_forest, hangedman_minor_gate_pass
D:10:     layout_irregular_city, hellmonk_lair_entry_icy, gammafunk_ghost_grave,
          enter_bailey_8
D:11:     layout_gridville, uniq_fannar, uniq_maurice
D:12:     layout_long_grid, serial_shops, shop, nicolae_nh_vlads_tower,
          uniq_nergalle
D:13:     layout_basic, hangedman_vaults_entry_quadrant_bands,
          minmay_strange_pillars, uniq_snorg, uniq_kirke
D:14:     layout_stronghold, nicolae_dithmenos_through_a_glass_darkly,
          uniq_jorgrun
D:15:     grunt_enter_depths_magical_seal, layout_loops_ring
Lair:1:   layout_roguey, st_stairs_5
Lair:2:   layout_gridlike
Lair:3:   layout_hall_layers, minmay_shoals_entry_lonely_mermaid,
          hellmonk_spider_entry_life_and_decay, serial_bayou_crossing
Lair:4:   layout_hall_layers, slime_entry_2
Lair:5:   cheibrodos_lair_end_hotspot, layout_cave_pods,
          dreamdust_gnoll_shepherd
Shoals:1: layout_shoals, portal_ice_cave_entry_pillars_1
Shoals:2: layout_shoals
Shoals:3: cheibrodos_shoals_gigantism, layout_shoals
Shoals:4: shoals_end_simple, layout_shoals, nicolae_shoals_water_shrine
Spider:1: layout_cave_pods, drop_trap, nicolae_spider_nooks_and_crannies,
          uniq_frances
Spider:2: nicolae_spider_obnoxious_hallway, drop_trap, hellmonk_test_site
Spider:3: nicolae_spider_broodchamber, uniq_mara
Spider:4: floodkiller_spider_rune_tomb
Orc:1:    layout_diamond_mine
Orc:2:    st_orc_town, layout_diamond_mine
Elf:1:    eino_elf_arrival_sip, layout_geoelf_octagon, orc_legates, uniq_aizul,
          uniq_agnes
Elf:2:    nicolae_elf_blades_crystal_corner, layout_gridlike, feat_on_display

Skill      XL: |  1  2  3  4  5  6  7  8  9 10 11 12 13 14 15 16 17 18 |
---------------+-------------------------------------------------------+-----
Axes           | 4 5 6 8 10 12 14 16 18 19 20 21 | 21.3
Stealth        | 1 2 3 4 5 7 8 9 |  9.1
Fighting       | 4 5 6 7 9 10 12 13 14 15 16 17 18 | 18.2
Armour         | 3 4 7 8 10 11 12 | 12.0
Ranged Weapons | 2 5 7 9 10 12 14 16 17 18 | 18.0
Evocations     | 2 4 6 7 8 |  8.4
Dodging        | 5 7 8 9 |  9.4
Throwing       | 3 4 |  4.9

Action                     |  1- 3 |  4- 6 |  7- 9 | 10-12 | 13-15 | 16-18 || total
---------------------------+-------+-------+-------+-------+-------+-------++-------
  Melee: Hand axe          |    94 |       |     8 |       |       |       ||   102
         Headbutt          |    11 |    11 |    27 |    61 |   117 |   135 ||   362
         Punch             |     1 |       |       |       |       |       ||     1
         Flail             |       |    67 |    32 |       |       |       ||    99
         Battleaxe         |       |       |   144 |   291 |   602 |   639 ||  1676
         Whip              |       |       |       |    23 |    16 |       ||    39
         Executioner's axe |       |       |       |       |       |    16 ||    16
         Arbalest          |       |       |       |       |       |     1 ||     1
         Maul              |       |       |       |       |       |     9 ||     9
   Fire: Sling             |       |       |    15 |       |       |       ||    15
         Shortbow          |       |       |     6 |    50 |       |       ||    56
         Arbalest          |       |       |       |     3 |   442 |   618 ||  1063
  Throw: Dart              |     4 |       |    10 |    23 |     9 |       ||    46
         Javelin           |       |     5 |     6 |       |     1 |     2 ||    14
         Boomerang         |       |       |       |       |     4 |    36 ||    40
 Invoke: Berserk           |     3 |     4 |     9 |     9 |    25 |    10 ||    60
         Trog's Hand       |       |       |     7 |    19 |    28 |     7 ||    61
         Brothers in Arms  |       |       |       |       |       |     1 ||     1
  Evoke: Wand              |       |       |       |       |    12 |    10 ||    22
         Phantom mirror    |       |       |       |       |     2 |       ||     2
         Tin of tremorston |       |       |       |       |     2 |     3 ||     5
    Use: Scroll            |     3 |     6 |     6 |    12 |    19 |     8 ||    54
         Potion            |       |       |     1 |       |     3 |     6 ||    10
   Stab: Sleeping          |     1 |       |       |       |       |       ||     1
         Petrifying        |       |       |       |     2 |       |       ||     2
         Petrified         |       |       |       |     2 |       |       ||     2
         Held in net/web   |       |       |       |       |       |     1 ||     1
 Armour: Animal skin       |     4 |       |       |       |       |       ||     4
         Plate armour      |    24 |    51 |   153 |    11 |   434 |   826 ||  1499
         Chain mail        |       |       |       |   209 |   316 |       ||   525
  Dodge: Dodged            |    29 |    23 |    78 |   179 |   372 |   441 ||  1122
  Block: Kite shield       |       |    31 |    12 |       |       |       ||    43
         Other             |       |       |       |       |       |    23 ||    23
         Reflection        |       |       |       |       |       |     5 ||     5

Table legend: (Time is in decaauts)
 A = Elapsed time spent in this place.
 B = Non-inter-level travel time spent in this place.
 C = Inter-level travel time spent in this place.
 D = Time resting spent in this place.
 E = Time spent auto-exploring this place.
 F = Levels seen in this place.
 G = Mean time per level.
                   A        B        C        D        E       F      G
               +--------+--------+--------+--------+--------+-----+--------+
         Total |  52950 |  50048 |   2902 |  22901 |  18580 |  34 | 1557.4 |
       Dungeon |  17018 |  15750 |   1268 |   3795 |   8894 |  15 | 1134.5 |
          Lair |   5852 |   5386 |    466 |   1080 |   3133 |   5 | 1170.4 |
        Shoals |   7561 |   7289 |    272 |   4254 |   2071 |   4 | 1890.2 |
   Spider Nest |  13998 |  13391 |    607 |   8977 |   2787 |   4 | 3499.5 |
  Orcish Mines |   4146 |   3957 |    189 |   2559 |    746 |   2 | 2073.0 |
   Elven Halls |   2077 |   1979 |     98 |   1010 |    557 |   2 | 1038.5 |
        Bailey |    884 |    884 |      0 |    256 |    220 |   1 |  884.0 |
      Ice Cave |   1411 |   1411 |      0 |    967 |    172 |   1 | 1411.0 |
               +--------+--------+--------+--------+--------+-----+--------+

Top non-repeatable levels by time:
Spider:4: 5647 daAuts
Spider:2: 4012 daAuts
Shoals:3: 3446 daAuts
   Orc:2: 3251 daAuts
Shoals:2: 2675 daAuts
Spider:3: 2302 daAuts
  Lair:5: 2084 daAuts
   Elf:1: 2054 daAuts
Spider:1: 2035 daAuts
    D:13: 1832 daAuts
     D:9: 1601 daAuts
     D:6: 1561 daAuts
   IceCv: 1411 daAuts
    D:11: 1240 daAuts
Shoals:1: 1186 daAuts
